AoeStats
← harris

Arena

509533064Analyzed
4v4 RM · 6d ago on Sep 27, 2026· 42m 35s· 8 players
Game mode
Random Map
Map size
Large (8 player)
Population
200
Speed
Normal
Resources
Standard
Victory
Conquest
Starting age
Dark Age
Ending age
Imperial Age
RankedLock teamsTeams togetherTeam positionsShared explorationLock speedFull tech treeHidden civsTurbo modeCheats
Victory
Defeat
🇨🇳 Huns · China
1165
+12
🇺🇸 Khmer · United States
1119
+14
🇳🇿 Varangians · New Zealand
1076
+16
🇨🇳 Ethiopians · China
1055
+18
🇦🇷 Huns · Argentina
1126
-16
🇦🇷 Italians · Argentina
1118
-17
🇨🇱 Spanish · Chile
1055
-14
🇦🇷 Goths · Argentina
1028
-13
Mortadela
10:16 Feudal Age
14:12 Castle Age
12:25 Double-Bit Axe
12:36 Stone Mining
23:13 Bow Saw
22:47 Horse Collar
25:15 Gold Mining
27:23 Marauders
28:23 Wheelbarrow
28:19 Heavy Plow
29:39 Gold Shaft Mining
31:47 Imperial Age
29:52 Forging
29:49 Scale Barding Armor
32:05 Hand Cart
31:38 Loom
31:55 Elite Tarkan
32:58 Conscription
32:48 Scale Mail Armor
33:10 Chain Barding Armor
33:28 Iron Casting
33:11 Husbandry
33:24 Bloodlines
34:48 Town Watch
36:07 Blast Furnace
35:43 Plate Barding Armor
Pablo
11:52 Feudal Age
16:53 Castle Age
23:06 Fortified Wall
25:40 Horse Collar
26:54 Stone Mining
26:58 Gold Mining
27:32 Double-Bit Axe
32:02 Imperial Age
31:21 Bow Saw
32:12 Wheelbarrow
32:16 Padded Archer Armor
32:08 Fletching
33:56 Chemistry
33:22 Ballistics
33:41 Conscription
34:21 Leather Archer Armor
34:02 Bodkin Arrow
35:13 Two-Man Saw
Pem
11:27 Feudal Age
14:46 Horse Collar
14:52 Double-Bit Axe
17:11 Castle Age
15:47 Stone Mining
15:48 Gold Mining
19:52 Bow Saw
24:26 Heavy Plow
27:26 Loom
31:20 Imperial Age
29:28 Wheelbarrow
29:01 Anarchy
29:02 Scale Mail Armor
30:35 Chain Mail Armor
30:31 Forging
31:28 Elite Huskarl
32:09 Perfusion
32:29 Conscription
32:47 Iron Casting
32:51 Hand Cart
33:55 Two-Man Saw
34:58 Blast Furnace
35:16 Squires
35:28 Pikeman
35:46 Halberdier
Rbensinhop
10:35 Feudal Age
15:08 Castle Age
13:50 Horse Collar
14:35 Gold Mining
15:32 Double-Bit Axe
27:57 Heavy Plow
32:14 Bow Saw
36:29 Imperial Age
34:51 Forging
34:47 Scale Barding Armor
35:50 Light Cavalry
36:52 Bloodlines
36:43 Husbandry
37:17 Elite Conquistador
39:36 Two-Man Saw
38:57 Hussar
40:17 Iron Casting
40:22 Ballistics
41:03 Chemistry
harris
11:12 Feudal Age
14:07 Castle Age
11:56 Double-Bit Axe
12:06 Horse Collar
14:59 Bow Saw
15:04 Heavy Plow
16:59 Wheelbarrow
16:37 Gold Mining
17:59 Light Cavalry
20:10 Forging
20:20 Forging
20:17 Scale Barding Armor
20:46 Forging
21:43 Gold Shaft Mining
21:27 Husbandry
22:06 Hand Cart
25:08 Bloodlines
26:03 Chain Barding Armor
26:19 Iron Casting
29:31 Imperial Age
29:42 Stone Mining
31:48 Stone Shaft Mining
32:23 Crop Rotation
31:51 Hussar
33:23 Plate Barding Armor
33:49 Blast Furnace
34:19 Chemistry
33:47 Heavy Scorpion
38:27 Double Crossbow
38:47 Conscription
EmmaZNZ
10:53 Feudal Age
14:32 Castle Age
13:43 Double-Bit Axe
14:03 Horse Collar
21:49 Loom
22:09 Fletching
22:13 Elite Skirmisher
24:30 Gold Mining
27:52 Stone Mining
30:54 Wheelbarrow
33:01 Padded Archer Armor
37:12 Imperial Age
35:28 Leather Archer Armor
36:45 Bow Saw
37:16 Bodkin Arrow
37:33 Man-at-Arms
39:16 Bloodlines
38:59 Light Cavalry
39:14 Long Swordsman
40:26 Squires
40:27 Scale Mail Armor
41:41 Forging
^_^
10:33 Feudal Age
14:33 Castle Age
12:26 Double-Bit Axe
12:24 Horse Collar
19:35 Bow Saw
27:55 Imperial Age
26:03 Wheelbarrow
25:14 Loom
25:15 Town Watch
25:28 Gold Mining
25:55 Scale Barding Armor
26:00 Forging
26:45 Forging
27:48 Chain Barding Armor
28:32 Iron Casting
28:33 Marauders
29:34 Plate Barding Armor
29:13 Bloodlines
29:44 Conscription
29:32 Elite Tarkan
30:13 Husbandry
31:18 Blast Furnace
30:27 Heavy Plow
30:19 Stone Mining
32:17 Gold Shaft Mining
32:29 Town Patrol
37:47 Two-Man Saw
37:05 Hand Cart
casuai
6:42 Loom
9:45 Feudal Age
12:24 Town Watch
15:17 Castle Age
13:20 Double-Bit Axe
13:37 Horse Collar
16:51 Bow Saw
28:55 Imperial Age
26:34 Gold Mining
27:38 Fletching
27:49 Padded Archer Armor
28:04 Heavy Plow
28:49 Gold Shaft Mining
29:12 Thumb Ring
28:27 Crossbowman
29:33 Capped Ram
30:27 Bodkin Arrow
30:48 Leather Archer Armor
31:04 Fortified Wall
30:50 Arbalester
32:32 Stone Mining
33:48 Two-Man Saw
33:35 Squires
34:15 Ballistics
34:55 Chemistry
33:58 Arson
35:01 Conscription
34:13 Siege Ram
37:49 Bracer
38:24 Ring Archer Armor
38:57 Halberdier
39:49 Forging
39:43 Scale Mail Armor
41:48 Chain Mail Armor
43:42 Plate Mail Armor
43:49 Iron Casting
Connection lost

Rejoining the realm…

Still unreachable

The connection could not be restored.

Session expired

The server has moved on; the page needs a fresh start.